Map: [ESL] Ghost River

Players

Nanami

  • Race: Protoss Protoss
  • Spawn Location: 11:00

Oliveira - Winner!

  • Race: Terran Terran
  • Spawn Location: 1:00

Event: ESL SC2 Masters 2024 Spring (Regional)

VOD

Have the link to the VOD?

Description

Time

  • Played on: April 20, 2024, 6:40 a.m.
  • Length: 4:42

All games in this series

Show
View Real Time Build Order
Export as new Build Order

Nanami Protoss 

Build Orders: 1 Gate Expand 

Get SALT Encoding   

  12  0:00  Probe  
  13  0:12  Probe  
  14  0:18  Pylon  
  14  0:24  Probe (Chrono Boost)  
  15  0:36  Probe (Chrono Boost)  
  15  0:37  Gateway  
  16  0:45  Probe (Chrono Boost)  
  16  0:47  Assimilator  
  17  0:51  Probe  
  18  1:03  Probe  
  19  1:15  Probe  
  20  1:24  Cybernetics Core  
  20  1:33  Nexus  
  20  1:35  Probe  
  21  1:42  Pylon  
  21  1:48  Assimilator  
  21  1:50  Probe  
  22  1:57  Adept (Chrono Boost)  
  22  2:00  Warp Gate  
  24  2:03  Probe  
  25  2:15  Probe  
  26  2:17  Stalker (Chrono Boost)  
  28  2:27  Probe  
  29  2:30  Twilight Council  
  29  2:39  Probe  
  30  2:45  Stalker  
  30  2:46  Probe  
  34  2:51  Probe  
  35  2:58  Probe  
  35  3:03  Probe  
  36  3:09  Gateway  
  36  3:10  Probe  
  37  3:15  Probe  
  38  3:22  Probe  
  38  3:26  Robotics Facility  
  39  3:27  Probe  
  40  3:39  Probe  
  41  3:42  Nexus  
  41  3:43  Probe  
  41  3:48  Pylon  
  42  3:52  Stalker  
  42  3:53  Probe  
  45  4:02  Pylon  
  45  4:08  Pylon  
  46  4:13  Assimilator  
  46  4:15  Assimilator  
  45  4:20  Probe, Shield Battery  
  45  4:22  Stalker  
  50  4:33  Pylon  
  50  4:37  Pylon  
Show
View Real Time Build Order
Export as new Build Order

Oliveira Terran - Winner!

Build Orders: 1/1/1, Liberator Opening 

Get SALT Encoding   

  12  0:00  SCV  
  13  0:12  SCV  
  14  0:17  Supply Depot  
  14  0:24  SCV  
  15  0:38  SCV  
  15  0:40  Barracks  
  16  0:44  Refinery  
  16  0:50  SCV  
  16  0:54  Refinery  
  17  1:03  SCV  
  18  1:15  SCV  
  19  1:28  Reaper, Orbital Command  
  19  1:31  Supply Depot  
  20  1:43  Factory  
  20  1:53  SCV  
  21  2:00  Barracks Reactor  
  21  2:05  SCV  
  22  2:18  SCV  
  23  2:28  Factory Tech Lab, Starport  
  23  2:30  SCV, Supply Depot  
  23  2:36  Marine  
  25  2:37  Marine  
  25  2:42  SCV  
  27  2:46  Siege Tank  
  30  2:54  Marine x2  
  32  3:00  Supply Depot  
  32  3:04  Medivac  
  34  3:11  SCV  
  34  3:12  Marine x2  
  37  3:21  Siege Tank  
  37  3:22  Supply Depot  
  37  3:25  SCV  
  41  3:29  Marine  
  41  3:30  Marine  
  43  3:41  Liberator  
  43  3:45  Supply Depot  
  43  3:47  Marine  
  43  3:48  Marine  
  48  4:05  Siege Tank, Marine  
  48  4:06  Marine  
  48  4:09  SCV  
  54  4:12  Supply Depot  
  54  4:21  SCV  
  54  4:23  Marine  
  54  4:24  Marine  
Tags
 
Add a new tag
Caveats
  • Supply blocks, unpowered buildings, or Contaminate may cause inaccurate times.
  • Supply counts are checked every 10 seconds.